 Dungeon Crawl Stone Soup version 0.29-a0-416-g83a48905f1 (webtiles) character file.

Game seed: 5410121278165003018

180006 spiderkeys the Warrior (level 18, -14/193 HPs)
             Began as an Ogre Abyssal Knight on May 16, 2022.
             Was the Champion of Lugonu.
             Shot with an arrow by a naga sharpshooter (19 damage)
             ... on level 4 of the Snake Pit.
             The game lasted 01:53:24 (53324 turns).

spiderkeys the Warrior (Ogre Abyssal Knight)       Turns: 53324, Time: 01:53:24

Health: -14/193    AC: 11    Str: 22    XL:     18   Next: 25%
Magic:  4/27       EV: 17    Int: 17    God:    Lugonu [******]
Gold:   2347       SH:  5    Dex: 15    Spells: 9/29 levels left

rFire   . . .      SeeInvis .   o - +6 giant spiked club (spect)
rCold   + . .      Faith    .   (shield currently unavailable)
rNeg    + + +      Spirit   .   X - +0 steam dragon scales
rPois   +          Reflect  +   l - +2 hat {Will+}
rElec   +          Harm     .   f - +2 cloak {rC+}
rCorr   .          Rampage  .   (gloves unavailable)
Will    ++...                   (boots unavailable)
Stlth   ..........              r - amulet of reflection
HPRegen 0.42/turn               P - ring of poison resistance
MPRegen 0.20/turn               V - ring "Kavvoy" {Wiz rElec rN+++ Dex+6 Stlth-}

@: no status effects
A: large, unfitting armour, tough skin 1, horns 1, mutation resistance 1, sense
surroundings 1
a: Renounce Religion, Depart the Abyss, Bend Space, Banish, Corrupt, Enter the
Abyss, Brand Weapon With Distortion


You were on level 4 of the Snake Pit.
You worshipped Lugonu.
Lugonu was exalted by your worship.
You visited 4 branches of the dungeon, and saw 27 of its levels.
You visited the Abyss 1 time.
You also visited: Bailey, Ice Cave and Volcano.

You collected 5422 gold pieces.
You spent 3075 gold pieces at shops.


Innate Abilities, Weirdness & Mutations

You are too large for most types of armour.
You have tough skin. (AC +1)
You have a pair of small horns on your head.
You are somewhat resistant to further mutation.
You passively map a small area around you.


   Skills:
 - Level 15.0 Fighting
 + Level 13.6(13.7) Maces & Flails
 - Level 2.0(2.6) Polearms
 - Level 2.6(10.1) Staves
 - Level 5.0 Throwing
 + Level 14.5 Dodging
 - Level 6.0 Spellcasting
 - Level 12.0 Conjurations
 * Level 6.9 Translocations
 + Level 12.1 Earth Magic
 - Level 9.0 Invocations


You had 9 spell levels left.
You knew the following spells:

 Your Spells              Type           Power      Damage    Failure   Level
i - Iskenderun's Mystic   Conj/Tloc      37%        2d9       1%          4
l - Lee's Rapid Deconstr  Erth           23%        3d14*     1%          5
m - Manifold Assault      Tloc           28%        N/A       9%          5
s - Iron Shot             Conj/Erth      23%        9d5       6%          6

Your spell library contained the following spells:

 Spells                   Type           Power      Damage    Failure   Level
 Foxfire                  Conj/Fire      100%       2x1d9     1%          1
 Magic Dart               Conj           100%       1d8       1%          1
 Sandblast                Erth           92%        2d19      1%          1
 Blink                    Tloc           56%        N/A       1%          2
 Passwall                 Tmut/Erth      20%        N/A       1%          2
 Searing Ray              Conj           90%        2d7       1%          2
 Static Discharge         Conj/Air       25%        N/A       1%          2
 Conjure Flame            Conj/Fire      25%        6-21      1%          3
 Dazzling Flash           Conj/Hex       50%        N/A       1%          3
 Gell's Gravitas          Tloc           28%        N/A       1%          3
 Lesser Beckoning         Tloc           28%        N/A       1%          3
 Teleport Other           Tloc           28%        N/A       1%          3
 Passage of Golubria      Tloc           28%        N/A       3%          4
 Portal Projectile        Hex/Tloc       32%        N/A       4%          3
 Animate Armour           Summ/Erth      50%        N/A       4%          4
 Flame Wave               Conj/Fire      25%        2d7       4%          4
 Fulminant Prism          Conj/Hex       12%        3d9       4%          4
 Hailstorm                Conj/Ice       25%        3d7       4%          4
 Leda's Liquefaction      Hex/Erth       12%        N/A       4%          4
 Petrify                  Tmut/Erth      25%        N/A       4%          4
 Sticky Flame             Conj/Fire      25%        2d5       4%          4
 Slow                     Hex            20%        N/A       5%          1
 Corpse Rot               Necr/Air       10%        N/A       8%          2
 Ensorcelled Hibernation  Hex/Ice        10%        N/A       8%          2
 Lightning Bolt           Conj/Air       12%        1d26      12%         5
 Call Canine Familiar     Summ           5%         N/A       16%         3
 Confusing Touch          Hex            5%         N/A       16%         3
 Ignite Poison            Fire/Tmut/Pois 5%         N/A       16%         3
 Inner Flame              Hex/Fire       5%         N/A       16%         3
 Ozocubu's Armour         Ice            5%         N/A       16%         3
 Swiftness                Air            5%         N/A       16%         3
 Vampiric Draining        Necr           5%         2d6       16%         3
 Dispersal                Tloc           14%        N/A       41%         6
 Airstrike                Air            2%         N/A       43%         4
 Anguish                  Hex/Necr       2%         N/A       43%         4
 Cause Fear               Hex            2%         N/A       43%         4
 Dispel Undead            Necr           5%         3d7       43%         4
 Summon Ice Beast         Ice/Summ       5%         N/A       43%         4
 Statue Form              Tmut/Erth      16%        N/A       52%         6
 Agony                    Necr           5%         N/A       77%         5
 Metabolic Englaciation   Hex/Ice        2%         N/A       77%         5
 Silence                  Hex/Air        2%         N/A       77%         5
 Summon Mana Viper        Hex/Summ       5%         N/A       77%         5
 Lehudib's Crystal Spear  Conj/Erth      23%        10d6      91%         8
 Death Channel            Necr           2%         N/A       99%         6
 Malign Gateway           Summ/Tloc      8%         N/A       100%        7
 Ozocubu's Refrigeration  Ice            2%         4d5       100%        7
 Storm Form               Tmut/Air       2%         N/A       100%        7
 Disjunction              Tloc           14%        N/A       100%        8
 Maxwell's Capacitive Co  Air            2%         โˆž       100%        8
 Shatter                  Erth           23%        3d20*     100%        9

Inventory:

Hand Weapons
 b - the +6 shillelagh "Devastator" {shatter}
   (You found it on level 5 of the Dungeon)

   It releases a powerful concussive burst when it strikes, dealing extra damage
   to the target and all other foes adjacent to them.
 o - a +6 spectral giant spiked club (weapon)
   (You acquired it on level 14 of the Dungeon)
 z - a +4 eveningstar of holy wrath {rare}
   (You found it on level 2 of the Orcish Mines)
Missiles
 h - 15 large rocks {=f}
 s - 13 throwing nets {=f!f}
 A - 28 javelins
 L - 9 curare-tipped darts {=f}
 M - 9 silver boomerangs
 Q - 63 boomerangs (quivered)
Armour
 f - a +2 cloak of cold resistance (worn)
   (You found it in an ice cave)
 l - a +2 hat of willpower (worn)
   (You took it off Gastronok on level 8 of the Dungeon)
 X - +0 steam dragon scales (worn)
   (You found it on level 7 of the Dungeon)
Magical Staves
 u - a staff of earth {!a}
   (You took it off Jorgrun on level 13 of the Dungeon)
Jewellery
 r - an amulet of reflection (around neck)
   (You found it on level 2 of the Dungeon)
 y - a +4 ring of slaying
   (You found it on level 7 of the Dungeon)
 P - a ring of poison resistance (left hand)
   (You found it on level 3 of the Dungeon)
 V - the ring "Kavvoy" (right hand) {Wiz rElec rN+++ Dex+6 Stlth-}
   (You bought it in a shop on level 2 of the Orcish Mines)

   [ring of wizardry]

   It improves your spell success rate.
   Dex:       It affects your dexterity (+6).
   rElec:     It insulates you from electricity.
   rN:        It renders you almost immune to negative energy.
   Stlth:     It makes you less stealthy.
Wands
 g - a wand of digging (8)
   (You found it on level 10 of the Dungeon)
 C - a wand of paralysis (31)
   (You took it off a kobold on level 9 of the Dungeon)
 O - a wand of mindburst (2)
   (You took it off a naga on level 4 of the Snake Pit)
 U - a wand of acid (13)
   (You found it on level 1 of the Lair of Beasts)
 W - a wand of iceblast (7)
   (You bought it in a shop on level 3 of the Snake Pit)
 Y - a wand of flame (50)
   (You took it off a goblin on level 4 of the Dungeon)
Scrolls
 a - 4 scrolls of vulnerability {!r!r}
 c - 3 scrolls of enchant armour
 d - 11 scrolls of teleportation {@r4}
 e - 4 scrolls of amnesia
 i - 3 scrolls of summoning
 p - 8 scrolls of fear
 v - 5 scrolls of poison {!r}
 D - 4 scrolls of fog
 F - a scroll of identify {@r1}
 G - 7 scrolls of immolation {!r!r}
 R - a scroll of silence {!r}
 Z - 3 scrolls of magic mapping {!r}
Potions
 j - 3 potions of berserk rage {!q}
 k - 2 potions of brilliance
 m - 2 potions of ambrosia
 n - 11 potions of might
 q - 2 potions of magic
 t - 2 potions of attraction {!q}
 w - 2 potions of cancellation
 x - 8 potions of mutation {!q}
 B - 3 potions of invisibility
 E - 3 potions of haste {@q3}
 J - 10 potions of curing {@q1}
 K - 3 potions of flight
 N - 10 potions of lignification {!q}
 S - 3 potions of resistance
Miscellaneous
 I - a box of beasts
   (You found it on level 1 of the Lair of Beasts)
 T - a lightning rod (4/4)
   (You found it on level 12 of the Dungeon)

Dungeon Overview and Level Annotations

Branches:
Dungeon (15/15)            Temple (0/1) D:7            Lair (6/6) D:9
  Swamp (0/4) Lair:3        Snake (4/4) Lair:2        Slime (0/5) Lair:6
    Orc (2/2) D:9             Elf (0/3) Orc:2        Vaults (0/5) D:14
 Depths (0/4) D:15         Bailey (visited)           IceCv (visited)
Volcano (visited)

Altars:
Ashenzari
Dithmenos
Hepliaklqana
Okawaru
Qazlal
Uskayaw
Vehumet
Beogh
Jiyva

Shops:
D:3 ?!?   D:6 *   D:11 =   D:12 [**   D:15 (   Orc:1 ?   Orc:2 *:!!   Snake:2 :
Snake:3 *

Annotations:
Lair:3 3 runed translucent doors, purpskrrrp's ghost, journeyman DsFi
Abyss:1 Erolcha, Maurice

...)........#..............###
.....).))....................##
...######N.....#####..........#
#### #......# ####.......##
#......# ##.......# #[.#...#
##.......# #......#
####.......##
######......#####..........#
####............@..ยง.........##
................#..........###
................#.......####
....)......#........#####
....#####......###### .####
#......# # #......# #......# *
,.....


You could see a naga sharpshooter.


Message History

You take 5 damage, and now have 77/193 hp.
You bludgeon the nagaraja!! Your headbutt misses the nagaraja.
Your +6 spectral giant spiked club hits the nagaraja!!
You feel very sick. The black mamba misses you.
The nagaraja spits poison at you. The splash of poison hits you. You resist.
* * * LOW HITPOINT WARNING * * *
The black mamba completely misses you.
The nagaraja gestures at you while chanting.
The bolt of poison hits you!
You are more poisoned.
You resist.
* * * LOW HITPOINT WARNING * * *
๐Ÿ˜จ HP[-19] MP[+1]
You take 19 damage, and now have 58/193 hp.
You bludgeon the nagaraja!! Your headbutt misses the nagaraja.
Your +6 spectral giant spiked club hits the nagaraja!!
You kill the nagaraja!
Lugonu accepts your kill.
You feel very sick. The black mamba completely misses you.
The black mamba bites you.
* * * LOW HITPOINT WARNING * * *
๐Ÿ˜ฑ HP[-10]
You take 10 damage, and now have 48/193 hp.
You barely miss the black mamba.
Your +6 spectral giant spiked club hits the black mamba!!
You kill the black mamba!
Lugonu accepts your kill.
You feel very sick. ๐Ÿ˜ฑ HP[-3]
You take 3 damage, and now have 45/193 hp.
You feel very sick. ๐Ÿ˜ฑ HP[-3]
You take 3 damage, and now have 42/193 hp.
You feel very sick. ๐Ÿ˜ฑ HP[-2]
You take 2 damage, and now have 40/193 hp.
You feel sick. ๐Ÿ˜ฑ HP[-2] MP[+1]
You take 2 damage, and now have 38/193 hp.
You feel sick. ๐Ÿ˜ฑ HP[-1]
You take 1 damage, and now have 37/193 hp.
You feel sick. ๐Ÿ˜ฑ HP[-1]
You take 1 damage, and now have 36/193 hp.
You feel sick.
Things that are here:
a +0 chain mail; 4 poisoned darts; ๐Ÿ˜ฑ HP[-1]
You take 1 damage, and now have 35/193 hp.
You feel sick.
The naga sharpshooter shouts!
You feel sick.
The naga sharpshooter unwields a +0 glaive.
The naga sharpshooter wields a +2 longbow of flaming.
It bursts into flame!
The naga sharpshooter gestures wildly while chanting.
The naga sharpshooter magically shoots an arrow.
The arrow hits you!
* * * LOW HITPOINT WARNING * * *
The arrow burns you.
* * * LOW HITPOINT WARNING * * *
๐Ÿ˜ฑ HP[-19] MP[+1]
You take 19 damage, and now have 16/193 hp.
You feel sick.
You are no longer poisoned.
The naga sharpshooter mumbles some strange words.
The naga sharpshooter gestures wildly while chanting.
The naga sharpshooter magically shoots an arrow.
The arrow hits you!
* * * LOW HITPOINT WARNING * * *
The arrow burns you.
* * * LOW HITPOINT WARNING * * *
๐Ÿ˜ฑ HP[-13]
You take 13 damage, and now have 3/193 hp.
Okay, then.
You don't have enough magic at the moment.
Okay, then.
Okay, then.
Press: ? - help, v - describe, . - travel, g - get item
Here: a naga sharpshooter, wielding a +2 longbow of flaming and wearing a +0 robe
Items here: )) [ โ€ .
The floor, spattered with blood.
Okay, then.
Really read
H - a scroll of blinking {!r}?
Blink to where?
Press: ? - help, Dir - move target
As you read the scroll of blinking {!r}, it crumbles to dust.
As you read the scroll of teleportation {@r4}, it crumbles to dust.
You feel strangely unstable. ๐Ÿ˜ฑ HP[+1] ๐Ÿ˜ฑ MP[+1] ๐Ÿ˜ฑ HP[+1]
Okay, then.
Your surroundings seem slightly different.
The naga sharpshooter casts a spell.
The naga sharpshooter magically shoots an arrow.
The arrow hits you!!
You die...

Skill      XL: |  1  2  3  4  5  6  7  8  9 10 11 12 13 14 15 16 17 18 |
---------------+-------------------------------------------------------+-----
Spellcasting   | 1 2 3 4 5 6 |  6.0
Staves         | 1 2 |  2.6
Invocations    | 3 4 6 7 9 |  9.0
Fighting       | 5 6 7 8 10 11 12 13 14 15 | 15.0
Dodging        | 3 4 5 6 7 8 9 10 12 13 14 | 14.5
Conjurations   | 1 3 5 6 8 9 10 11 12 | 12.0
Throwing       | 1 3 5 |  5.0
Maces & Flails | 2 4 6 8 9 10 11 12 13 | 13.6
Earth Magic    | 4 6 8 9 10 11 12 | 12.1
Translocations | 2 5 6 |  6.9
Polearms       | |  2.0

Action                   |  1- 3 |  4- 6 |  7- 9 | 10-12 | 13-15 | 16-18 || total
-------------------------+-------+-------+-------+-------+-------+-------++-------
Melee: Spear             |   136 |   303 |    28 |       |       |       ||   467
       Punch             |       |     4 |     1 |     3 |    12 |     3 ||    23
       Short sword       |       |       |    99 |       |       |       ||    99
       Shillelagh        |       |       |    98 |   344 |   955 |   152 ||  1549
       Morningstar       |       |       |       |    11 |       |     6 ||    17
       Headbutt          |       |       |       |       |   212 |   157 ||   369
       Giant spiked club |       |       |       |       |       |   468 ||   468
Throw: Large rock        |       |     3 |       |    38 |    45 |     7 ||    93
       Dart              |       |       |     4 |     4 |     3 |     2 ||    13
       Boomerang         |       |       |       |       |    91 |    29 ||   120
       Javelin           |       |       |       |       |     5 |     2 ||     7
 Cast: Iskenderun's Myst |       |       |       |     1 |    13 |     3 ||    17
       Lee's Rapid Decon |       |       |       |       |    22 |    24 ||    46
       Iron Shot         |       |       |       |       |     2 |    13 ||    15
       Manifold Assault  |       |       |       |       |       |    35 ||    35
Invok: Banish            |       |       |     1 |     8 |     7 |     1 ||    17
       Bend Space        |       |       |       |    10 |    15 |     5 ||    30
Evoke: Wand              |       |       |     1 |     8 |     1 |       ||    10
       Lightning rod     |       |       |       |       |     1 |       ||     1
       Box of beasts     |       |       |       |       |     1 |       ||     1
  Use: Scroll            |       |     5 |     2 |    14 |    13 |    17 ||    51
       Potion            |       |       |     1 |     1 |    10 |     3 ||    15
 Stab: Sleeping          |     2 |       |       |       |       |       ||     2
       Paralysed         |       |       |       |    10 |       |       ||    10
       Petrified         |       |       |       |       |       |    10 ||    10
       Distracted        |       |       |       |       |       |     8 ||     8
Armor: Robe              |    61 |   149 |    64 |       |       |       ||   274
       Steam dragon scal |       |       |     2 |   127 |   272 |   149 ||   550
Dodge: Dodged            |    70 |   177 |   157 |   185 |   605 |   418 ||  1612
Block: Other             |       |    60 |    47 |    82 |   177 |   153 ||   519
       Reflection        |       |     3 |     1 |     5 |     8 |    33 ||    50

Levels and vault maps discovered:
D:1:      dpeg_arrival_rhombi, layout_rooms
D:2:      minmay_wonky_spiral, layout_loops_cross, minmay_circle_x
D:3:      minmay_octagon_keep, layout_basic, serial_shops, shop_scrolls,
          nicolae_shop_advertising_works [nicolae_subvault_shop_adworks], shop,
          ebering_ecumenical_altar_box, nrook_campfire, corexii_corridor_pit,
          uniq_jessica
D:4:      layout_loops_ring, vehumet_altar_wand_db, lexackson_kobold_supper
D:5:      layout_rooms, dilly_guarded_unrand_devastator
D:6:      layout_basic, serial_shops, nicolae_shop_overgrown_old_shop,
          ebering_ghost_rock_garden, minmay_splitting_lines
D:7:      layout_gridville, minmay_temple_entry_wispy, kennysheep_generic_room_9
D:8:      layout_basic, grunt_dithmenos_smoke_and_mirrors, enter_bailey_5,
          uniq_gastronok, uniq_maurice
D:9:      layout_rooms, lair_entry_dummy, orc_0_dummy,
          chequers_serial_rivers_room_b, uniq_psyche, uniq_maggie
D:10:     layout_basic, hex_tiny, bh_hangedman_babel_library, uniq_erolcha,
          uniq_snorg
D:11:     layout_irregular_city, minmay_shop_enchanted_jewellery,
          nicolae_uskayaw_en_pointe
D:12:     evilmike_iron_armoury, layout_loops_ring, serial_shops,
          nicolae_shop_behind_doors, shop, shop
D:13:     layout_loops_ring, minivault_16, uniq_jorgrun, uniq_urug
D:14:     layout_cave_pools, hangedman_vaults_entry_quadrant_bands,
          ashenzari_altar_1, serial_park, serial_park_square1
          [serial_park_minivault_5x5_8], serial_park_tiny_2
D:15:     gammafunk_depths_entry_grave, layout_basic, serial_shops,
          nicolae_shop_bloodbath_and_beyond
Lair:1:   layout_layer_cave, uniq_harold
Lair:2:   layout_big_grid, guppyfry_snake_entry_island,
          portal_ice_cave_entry_pillars_2, gammafunk_lair_bear_cave,
          lemuel_fruit_tree, uniq_sonja
Lair:3:   layout_gridlike, minmay_swamp_entry_worms,
          maelrawn_ghost_gauntlet_escape, st_stairs_7, grunt_megastairs_4,
          serial_bayou_shore_b
Lair:4:   layout_cave_pods, beast_lair_carwin_9
Lair:5:   layout_loops_ring, nicolae_volcano_entry_hallway
Lair:6:   grunt_lair_end_beastmaster, layout_big_grid, slime_altar_1,
          chequers_serial_rivers_small_3, st_stairs_4,
          infiniplex_staircase_pool_2
Snake:1:  layout_basic, basic_altar, ebering_ghost_reflecting_pool
Snake:2:  layout_misc_corridors, serial_shops, shop, basic_altar, st_stairs_6,
          nicolae_snake_scaly_snakehead, grunt_megastairs_2, uniq_aizul
Snake:3:  layout_grid_maze, nicolae_shop_clearance, uniq_vashnia
Snake:4:  minmay_snake_end_coiled, layout_misc_corridors, grunt_megastairs_5
Orc:1:    layout_diamond_mine, serial_shops, shop, basic_altar, mines1_david,
          uniq_josephine
Orc:2:    pubby_orc_utopia

Notes
Turn   | Place    | Note
-------+----------+-------------------------------------------
     0 | Abyss:1  | spiderkeys the Ogre Abyssal Knight began the quest for the
                  | Orb.
     0 | Abyss:1  | Reached XP level 1. HP: 24/24 MP: 2/2
     0 | Abyss:1  | magus.rc [v1.11.3]
    11 | D:1      | You pass through the gate.
    11 | D:1      | Escaped the Abyss
   213 | D:1      | Reached XP level 2. HP: 25/32 MP: 3/3
   500 | D:1      | Reached skill level 1 in Spellcasting
   771 | D:2      | Reached XP level 3. HP: 39/39 MP: 4/4
   847 | D:2      | Reached skill level 1 in Staves
  1012 | D:2      | Reached *** piety under Lugonu
  1270 | D:2      | Reached XP level 4. HP: 29/49 MP: 4/6
  2266 | D:3      | Found Getzyimugu's Magic Scroll Emporium.
  2280 | D:3      | Bought a scroll of identify for 20 gold pieces
  2297 | D:3      | Found Pimoaren's Distillery.
  2340 | D:3      | Reached skill level 3 in Invocations
  2341 | D:3      | Bought a potion of heal wounds for 70 gold pieces
  2513 | D:3      | Found Ohaaric's Magic Scroll Shoppe.
  2543 | D:3      | Found a faded altar of an unknown god.
  2635 | D:3      | Reached XP level 5. HP: 51/55 MP: 7/7
  2747 | D:3      | You add the spells Iskenderun's Mystic Blast, Summon Mana
                  | Viper and Malign Gateway to your library.
  2747 | D:3      | Got Toamanuh's Reference Book on Creation and Confrontation
  2914 | D:3      | Reached **** piety under Lugonu
  2915 | D:3      | Reached skill level 2 in Spellcasting
  2957 | D:3      | You pick up a book of Displacement and begin reading...
  2957 | D:3      | You add the spells Lesser Beckoning, Gell's Gravitas and
                  | Teleport Other to your library.
  3100 | D:3      | Reached skill level 5 in Fighting
  3149 | D:3      | Noticed Jessica
  3153 | D:3      | Killed Jessica
  3154 | D:3      | Reached skill level 2 in Staves
  3154 | D:3      | Reached skill level 3 in Dodging
  3443 | D:4      | Reached XP level 6. HP: 44/66 MP: 9/9
  3943 | D:4      | Reached skill level 3 in Spellcasting
  4317 | D:4      | Reached skill level 4 in Invocations
  4317 | D:4      | Reached XP level 7. HP: 39/74 MP: 10/12
  4536 | D:4      | Found a radiant altar of Vehumet.
  4616 | D:4      | Reached skill level 6 in Fighting
  4625 | D:4      | HP: 17/75 [killer bee (3)]
  4630 | D:4      | HP: 12/75 [poisoned by a killer bee]
  5036 | D:5      | Entered Level 5 of the Dungeon
  5040 | D:5      | Identified the +8 short sword of Uncomfortable Rashes
                  | {freeze, Str+4 Int+4 Dex+3}
  5048 | D:5      | Reached skill level 4 in Dodging
  5053 | D:5      | Reached skill level 4 in Spellcasting
  5176 | D:5      | Reached XP level 8. HP: 78/83 MP: 14/14
  5229 | D:5      | Reached skill level 5 in Invocations
  5263 | D:5      | Reached skill level 7 in Fighting
  5279 | D:5      | Reached ***** piety under Lugonu
  5289 | D:5      | magus.rc [v1.11.3]
  5294 | D:5      | Reached skill level 5 in Spellcasting
  5684 | D:5      | You pick up a book of the Hunter and begin reading...
  5684 | D:5      | You add the spells Call Canine Familiar, Portal Projectile
                  | and Leda's Liquefaction to your library.
  5740 | D:5      | Learned a level 4 spell: Iskenderun's Mystic Blast
  5852 | D:5      | Found the +6 shillelagh "Devastator" {shatter}
  5860 | D:5      | Reached skill level 5 in Dodging
  6117 | D:6      | Found Hyujath's Assorted Antiques.
  6118 | D:6      | Identified a scroll of acquirement
  6143 | D:6      | You pick up a book of Burglary and begin reading...
  6143 | D:6      | You add the spells Passwall, Ensorcelled Hibernation and
                  | Swiftness to your library.
  6202 | D:6      | Reached skill level 1 in Conjurations
  6233 | D:6      | Reached skill level 1 in Throwing
  6238 | D:6      | Reached skill level 6 in Invocations
  6271 | D:6      | Reached XP level 9. HP: 96/96 MP: 16/16
  6287 | D:6      | Reached skill level 8 in Fighting
  6287 | D:6      | Reached skill level 1 in Maces & Flails
  6404 | D:6      | Found a runed translucent gate.
  6404 | D:6      | Found a runed translucent gate.
  6405 | D:6      | Found a runed translucent gate.
  6647 | D:6      | Reached skill level 2 in Throwing
  6700 | D:6      | Noticed xian's ghost (amateur GrCj)
  6714 | D:6      | Killed xian's ghost
  6715 | D:6      | Reached skill level 2 in Conjurations
  6938 | D:7      | Reached skill level 2 in Maces & Flails
  7290 | D:7      | Reached skill level 3 in Throwing
  7314 | D:7      | Reached skill level 6 in Dodging
  7314 | D:7      | Reached skill level 3 in Conjurations
  7551 | D:7      | Found a staircase to the Ecumenical Temple.
  7994 | D:8      | Noticed a hornet
  7995 | D:8      | Banished a hornet
  7996 | D:8      | Reached skill level 7 in Invocations
  7996 | D:8      | Reached XP level 10. HP: 106/106 MP: 12/17
  8000 | D:8      | Noticed Maurice
  8001 | D:8      | Reached skill level 9 in Fighting
  8001 | D:8      | Reached skill level 3 in Maces & Flails
  8009 | D:8      | Banished Maurice
  8025 | D:8      | You fall into a shaft and drop 3 floors!
  8041 | D:11     | Noticed a manticore
  8045 | D:11     | HP: 23/107 [manticore (6)]
  8046 | D:11     | Banished a manticore
  8047 | D:11     | Reached skill level 4 in Throwing
  8088 | D:11     | HP: 22/107 [wraith (9)]
  8090 | D:11     | Reached skill level 4 in Conjurations
  8100 | D:11     | HP: 21/107 [orc/+0 hand axe (5)]
  8118 | D:11     | Noticed a boulder beetle
  8119 | D:11     | Banished a boulder beetle
  8126 | D:11     | Identified the +1 robe of Afo Pide {rElec Will- Str+4}
  8140 | D:11     | HP: 21/109 [orc warrior/+0 mace (9)]
  8144 | D:11     | Noticed a red ugly thing
  8145 | D:11     | Reached skill level 4 in Maces & Flails
  8168 | D:11     | Banished a red ugly thing
  8180 | D:10     | Entered Level 10 of the Dungeon
  8190 | D:9      | Noticed Psyche
  8190 | D:9      | Found a staircase to the Orcish Mines.
  8193 | D:9      | Killed Psyche
  8194 | D:9      | Reached skill level 10 in Fighting
  8194 | D:9      | Reached skill level 7 in Dodging
  8212 | D:9      | HP: 27/110 [poisoned by a kobold brigand (curare-tipped
                  | dart)]
  8242 | D:8      | You pick up a book of Conjurations and begin reading...
  8242 | D:8      | You add the spells Magic Dart, Searing Ray and Fulminant
                  | Prism to your library.
  8245 | D:8      | Found a flagged portal.
  8246 | D:8      | Noticed Gastronok
  8289 | Bailey   | Entered a bailey
  8515 | Bailey   | Reached skill level 5 in Throwing
  8565 | Bailey   | Reached skill level 5 in Conjurations
  8565 | Bailey   | Reached XP level 11. HP: 75/119 MP: 18/18
  8799 | Bailey   | Noticed Prince Ribbit
  8807 | Bailey   | Killed Prince Ribbit
  8807 | Bailey   | Noticed a vault guard
  8808 | Bailey   | Reached skill level 5 in Maces & Flails
  8829 | Bailey   | Killed a vault guard
  8902 | Bailey   | Noticed a vault guard
  8908 | Bailey   | Banished a vault guard
  9153 | D:8      | Killed Gastronok
  9154 | D:8      | Reached skill level 11 in Fighting
  9650 | D:8      | Found a shadowy altar of Dithmenos.
  9722 | D:8      | Reached skill level 6 in Conjurations
 10027 | D:9      | Noticed a two-headed ogre
 10030 | D:9      | Killed a two-headed ogre
 10031 | D:9      | Reached skill level 8 in Dodging
 10107 | D:9      | Found a staircase to the Lair.
 10212 | D:9      | Noticed Maggie
 10228 | D:9      | Killed Maggie
 10229 | D:9      | Reached skill level 6 in Maces & Flails
 10581 | D:10     | Noticed a deep elf zephyrmancer
 10583 | D:10     | Noticed a deep elf zephyrmancer
 10591 | D:10     | Killed a deep elf zephyrmancer
 10592 | D:10     | Killed a deep elf zephyrmancer
 10595 | D:10     | Noticed Erolcha
 10597 | D:10     | Banished Erolcha
 10727 | D:10     | Noticed a wizard
 10737 | D:10     | Killed a wizard
 10738 | D:10     | Reached XP level 12. HP: 131/132 MP: 20/20
 10739 | D:10     | Reached skill level 12 in Fighting
 10757 | D:10     | You add the spells Confusing Touch, Cause Fear and Anguish
                  | to your library.
 10757 | D:10     | Got Ts'ui Pรชn's Papyrus of Forking Paths
 10765 | D:10     | You add the spells Animate Armour and Lee's Rapid
                  | Deconstruction to your library.
 10765 | D:10     | Got the Handbook of Dhcmrlchtdj
 10772 | D:10     | Learned a level 5 spell: Lee's Rapid Deconstruction
 11027 | D:10     | Noticed Snorg
 11054 | D:10     | Killed Snorg
 11055 | D:10     | Reached skill level 6 in Spellcasting
 11055 | D:10     | Reached skill level 1 in Earth Magic
 11311 | Orc:1    | Entered Level 1 of the Orcish Mines
 11372 | Orc:2    | Entered Level 2 of the Orcish Mines
 11399 | Orc:2    | Noticed a two-headed ogre
 11411 | Orc:2    | Killed a two-headed ogre
 11412 | Orc:2    | Reached skill level 7 in Conjurations
 11752 | Orc:2    | Noticed a two-headed ogre
 11757 | Orc:2    | Killed a two-headed ogre
 11758 | Orc:2    | Reached skill level 2 in Earth Magic
 11895 | Orc:1    | Reached skill level 7 in Maces & Flails
 11983 | Orc:1    | Noticed Josephine
 12005 | Orc:1    | Killed Josephine
 12006 | Orc:1    | Reached skill level 9 in Dodging
 12375 | Orc:1    | Found Kecwoinniti's Magic Scroll Shoppe.
 12426 | Orc:1    | Bought a scroll of identify for 28 gold pieces
 12426 | Orc:1    | Bought a scroll of identify for 28 gold pieces
 12672 | Orc:2    | Noticed a two-headed ogre
 12679 | Orc:2    | Killed a two-headed ogre
 12680 | Orc:2    | Reached skill level 3 in Earth Magic
 12731 | Orc:2    | Noticed a two-headed ogre
 12735 | Orc:2    | Killed a two-headed ogre
 12771 | Orc:2    | Reached ****** piety under Lugonu
 13200 | Orc:2    | Noticed an orc warlord
 13225 | Orc:2    | Killed an orc warlord
 13455 | Orc:2    | You pick up a book of the Senses and begin reading...
 13455 | Orc:2    | You add the spells Dazzling Flash, Agony and Silence to
                  | your library.
 13465 | Orc:2    | Reached skill level 8 in Conjurations
 13465 | Orc:2    | Reached skill level 4 in Earth Magic
 13871 | Orc:2    | Reached skill level 8 in Maces & Flails
 13871 | Orc:2    | Reached XP level 13. HP: 71/140 MP: 22/22
 14091 | Orc:2    | z - a +2 eveningstar of holy wrath {rare}
 14190 | Orc:2    | Found a staircase to the Elven Halls.
 14267 | Orc:2    | Noticed an orc warlord
 14521 | Orc:2    | Killed an orc warlord
 14728 | Orc:2    | Found Odwu's Distillery.
 14735 | Orc:2    | Reached skill level 10 in Dodging
 14735 | Orc:2    | Reached skill level 5 in Earth Magic
 15227 | Orc:2    | Found Hayfa Miafo's Distillery.
 15233 | Orc:2    | Gained mutation: Your body sometimes deteriorates upon
                  | taking damage. [a neqoxec]
 15239 | Orc:2    | Gained mutation: You occasionally shout uncontrollably at
                  | your foes. [a neqoxec]
 15241 | Orc:2    | Gained mutation: Your body often deteriorates upon taking
                  | damage. [a neqoxec]
 15509 | Orc:2    | Bought a potion of mutation for 104 gold pieces
 15509 | Orc:2    | Lost mutation: Your body often deteriorates upon taking
                  | damage. [potion of mutation]
 15509 | Orc:2    | Lost mutation: Your body sometimes deteriorates upon taking
                  | damage. [potion of mutation]
 15509 | Orc:2    | Lost mutation: You occasionally shout uncontrollably at
                  | your foes. [potion of mutation]
 15509 | Orc:2    | Gained mutation: You passively map a small area around you.
                  | [potion of mutation]
 15509 | Orc:2    | Gained mutation: You have a pair of small horns on your
                  | head. [potion of mutation]
 15509 | Orc:2    | Gained mutation: You are somewhat resistant to further
                  | mutation. [potion of mutation]
 15692 | Orc:2    | Found Qesk's Book Emporium.
 16817 | Orc:2    | Reached skill level 9 in Conjurations
 17055 | Orc:2    | Found Keneg's Assorted Antiques.
 17202 | Orc:2    | Bought a clouded wooden ring for 165 gold pieces
 17202 | Orc:2    | Identified the ring "Kavvoy" {Wiz rElec rN+++ Dex+6 Stlth-}
                  | (You bought it in a shop on level 2 of the Orcish Mines)
 17310 | Orc:2    | Noticed an orc warlord
 17314 | Orc:2    | Banished an orc warlord
 17539 | Orc:1    | Reached skill level 9 in Maces & Flails
 17786 | D:10     | Reached skill level 6 in Earth Magic
 18396 | D:10     | You add the spells Airstrike and Summon Ice Beast to your
                  | library.
 18396 | D:10     | Got the Tome of Sand
 18865 | D:11     | Found Geaheshi's Jewellery Shop.
 19164 | D:11     | Found a hide-covered altar of Uskayaw.
 19730 | D:12     | Found an iron altar of Okawaru.
 20084 | D:12     | Reached XP level 14. HP: 146/149 MP: 23/23
 20161 | D:12     | Found Fint's Assorted Antiques.
 20290 | D:12     | Identified the +7 long sword "Orb Guardian's Foe" {holy,
                  | Dex+5}
 20296 | D:12     | Identified the +5 shortbow of Bodily Humours {freeze, rPois
                  | rF+ rC++ Dex-2}
 20712 | D:12     | Identified +0 pearl dragon scales
 20732 | D:12     | HP: 34/149 [centaur warrior/+0 morningstar (10)]
 20734 | D:12     | Reached skill level 11 in Dodging
 21441 | D:12     | Found Ocahit's Assorted Antiques.
 21450 | D:12     | Bought 2 fuming orange potions for 39 gold pieces
 21472 | D:12     | Found Ikhargh's Armour Boutique.
 21559 | D:12     | Reached skill level 7 in Earth Magic
 21931 | D:13     | Noticed Urug
 21945 | D:13     | Killed Urug
 22061 | D:13     | Reached skill level 10 in Conjurations
 22649 | D:13     | Noticed Jorgrun
 23058 | Lair:1   | Entered Level 1 of the Lair of Beasts
 23092 | Lair:1   | HP: 34/149 [yak[a torpor snail] (8)]
 23099 | Lair:1   | Reached skill level 10 in Maces & Flails
 23410 | Lair:1   | You pick up a book of Flames and begin reading...
 23410 | Lair:1   | You add the spells Foxfire, Conjure Flame, Inner Flame and
                  | Flame Wave to your library.
 23881 | Lair:1   | Acquired 606 gold pieces
 24164 | Lair:1   | Noticed Harold
 24174 | Lair:1   | Killed Harold
 24794 | Lair:2   | Reached skill level 8 in Earth Magic
 24867 | Lair:2   | HP: 22/149 [death yak (21)]
 24881 | Lair:2   | HP: 27/149 [death yak (18)]
 24882 | Lair:2   | HP: 9/149 [death yak (18)]
 24943 | Lair:2   | HP: 27/149 [cane toad (13)]
 24956 | Lair:2   | Found a frozen archway.
 25217 | IceCv    | Entered an ice cave
 25563 | IceCv    | magus.rc [v1.11.3]
 25621 | IceCv    | magus.rc [v1.11.3]
 26233 | IceCv    | Identified a +1 crystal plate armour of cold resistance
 26319 | IceCv    | You pick up a book of Debilitation and begin reading...
 26319 | IceCv    | You add the spells Slow and Vampiric Draining to your
                  | library.
 26324 | IceCv    | Identified the +9 hunting sling "Wefiv" {freeze, rPois rC++
                  | Dex-2}
 26639 | Lair:2   | Found a staircase to the Snake Pit.
 26654 | Lair:2   | Noticed Sonja
 26661 | Lair:2   | Killed Sonja
 27254 | Lair:2   | Reached skill level 12 in Dodging
 27258 | Lair:2   | Reached XP level 15. HP: 100/158 MP: 24/24
 27629 | Lair:3   | Noticed purpskrrrp's ghost (journeyman DsFi)
 27680 | Lair:3   | Found a runed translucent gate.
 27680 | Lair:3   | Found a runed translucent gate.
 27680 | Lair:3   | Found a runed translucent gate.
 28033 | Lair:3   | Found a staircase to the Swamp.
 28037 | Lair:3   | HP: 19/158 [swamp worm (21)]
 29459 | Lair:4   | Reached skill level 11 in Maces & Flails
 29699 | Lair:4   | Reached skill level 8 in Invocations
 30608 | Lair:5   | Reached skill level 9 in Earth Magic
 30670 | Lair:5   | HP: 35/158 [yak (5)]
 30676 | Lair:5   | Reached skill level 13 in Fighting
 30741 | Lair:5   | Found a dark tunnel.
 30885 | Volcano  | Entered a volcano
 31414 | Volcano  | Found a radiant altar of Vehumet.
 31421 | Volcano  | Paralysed by something for 3 turns
 32136 | Lair:5   | You fall into a shaft and drop 1 floor!
 32136 | Lair:6   | Entered Level 6 of the Lair of Beasts
 32684 | Lair:6   | HP: 37/161 [fire crab (5)]
 32689 | Lair:6   | HP: 38/161 [fire crab] (11)]
 33176 | Lair:6   | Acquired the Disquisition on Frigorific Earth
 33177 | Lair:6   | You add the spells Sandblast, Hailstorm, Iron Shot,
                  | Lehudib's Crystal Spear and Shatter to your library.
 33535 | Lair:6   | Learned a level 6 spell: Iron Shot
 33745 | Lair:6   | Reached skill level 11 in Conjurations
 34157 | Lair:6   | Reached skill level 9 in Invocations
 34157 | Lair:6   | Found a staircase to the Slime Pits.
 34158 | Lair:6   | Found a viscous altar of Jiyva.
 34423 | Lair:6   | Reached XP level 16. HP: 170/170 MP: 25/25
 35171 | Lair:6   | You pick up a book of the Senses and begin reading...
 35739 | Lair:1   | Reached skill level 14 in Fighting
 36264 | D:13     | Killed Jorgrun
 36965 | D:14     | You pick up a book of Decay and begin reading...
 36965 | D:14     | You add the spells Corpse Rot, Dispel Undead and Death
                  | Channel to your library.
 37032 | D:14     | Reached skill level 10 in Earth Magic
 37498 | D:14     | Reached skill level 13 in Dodging
 37822 | D:14     | Acquired a +3 spectral giant spiked club
 37824 | D:14     | your +2 eveningstar of holy wrath {rare} glows red for a
                  | moment.
 37825 | D:14     | your +3 eveningstar of holy wrath {rare} glows red for a
                  | moment.
 37830 | D:14     | Found a broken altar of Ashenzari.
 37931 | D:14     | Reached skill level 12 in Maces & Flails
 38252 | D:14     | HP: 39/174 [skeletal warrior/+0 long sword (28)]
 38623 | D:14     | Got the Reference Book on Hexes
 38647 | D:14     | Found a gate to the Vaults.
 38775 | D:15     | Entered Level 15 of the Dungeon
 38798 | D:15     | Found a staircase to the Depths.
 39306 | Orc:1    | Bought a scroll of teleportation for 42 gold pieces
 39306 | Orc:1    | Bought a scroll of enchant weapon for 105 gold pieces
 39306 | Orc:1    | Bought a scroll of teleportation for 42 gold pieces
 39478 | D:3      | Bought a scroll of enchant armour for 75 gold pieces
 39478 | D:3      | Bought a scroll of enchant weapon for 75 gold pieces
 39515 | D:3      | Bought a scroll of enchant weapon for 82 gold pieces
 39669 | Orc:2    | Bought a scroll of acquirement for 1716 gold pieces
 39669 | Orc:2    | Acquired 1042 gold pieces
 39681 | Orc:2    | Bought an Inescapable Atlas for 442 gold pieces
 39681 | Orc:2    | You add the spells Blink, Manifold Assault and Storm Form
                  | to your library.
 39687 | Orc:2    | Learned a level 5 spell: Manifold Assault
 40178 | D:15     | Reached skill level 1 in Translocations
 40336 | D:15     | Found Minuuhie's Weapon Boutique.
 40423 | D:15     | You add the spells Ozocubu's Armour and Ozocubu's
                  | Refrigeration to your library.
 41019 | Snake:1  | Entered Level 1 of the Snake Pit
 41023 | Snake:1  | You pick up a book of the Warp and begin reading...
 41023 | Snake:1  | You add the spells Dispersal and Disjunction to your
                  | library.
 41561 | Snake:1  | Found a hazy altar of Hepliaklqana.
 41947 | Snake:1  | Found a runed translucent door.
 41950 | Snake:1  | Noticed Orchucw's ghost (adept MiHu)
 42112 | Snake:1  | Killed Orchucw's ghost
 42113 | Snake:1  | Reached skill level 2 in Translocations
 42118 | Snake:1  | Identified the +2 scimitar "Iraatom" {pain, rC+ Int+4}
 42206 | Snake:2  | Reached XP level 17. HP: 118/182 MP: 26/26
 42208 | Snake:2  | Reached skill level 15 in Fighting
 42427 | Snake:2  | Reached skill level 12 in Conjurations
 43237 | Snake:2  | Reached skill level 3 in Translocations
 43267 | Snake:2  | Reached skill level 11 in Earth Magic
 43271 | Snake:2  | HP: 43/184 [salamander/+0 war axe (9)]
 43978 | Snake:2  | You add the spells Ignite Poison and Sticky Flame to your
                  | library.
 43989 | Snake:2  | You pick up a book of the Moon and begin reading...
 44107 | Snake:2  | You pick up a book of Lightning and begin reading...
 44107 | Snake:2  | You add the spells Static Discharge, Lightning Bolt and
                  | Maxwell's Capacitive Coupling to your library.
 44155 | Snake:2  | Acquired 941 gold pieces
 44210 | Snake:2  | Found Ighob's Book Shoppe.
 44290 | Snake:2  | Noticed Aizul
 44306 | Snake:2  | Killed Aizul
 44307 | Snake:2  | Reached skill level 4 in Translocations
 44522 | Snake:2  | Found a stormy altar of Qazlal.
 44825 | Snake:2  | You pick up a book of Conjurations and begin reading...
 44851 | Snake:3  | Noticed Vashnia
 46222 | Snake:3  | Reached skill level 13 in Maces & Flails
 46515 | Snake:2  | Killed Vashnia
 46516 | Snake:2  | Reached skill level 14 in Dodging
 47122 | Snake:3  | HP: 33/184 [naga sharpshooter/bolt[Vashnia] (19)]
 47548 | Snake:3  | Found Ruirun's CLEARANCE SALE!.
 47557 | Snake:3  | Bought a potion of curing for 9 gold pieces
 47557 | Snake:3  | Bought a wand of iceblast (7) for 33 gold pieces
 48216 | Snake:3  | Reached skill level 5 in Translocations
 48218 | Snake:3  | HP: 39/184 [salamander/+2 glaive (13)]
 49336 | Snake:4  | Entered Level 4 of the Snake Pit
 51621 | Snake:4  | Reached XP level 18. HP: 193/193 MP: 2/27
 51629 | Snake:4  | Reached skill level 6 in Translocations
 51657 | Snake:4  | HP: 29/193 [salamander tyrant (25)]
 51658 | Snake:4  | HP: 4/193 [salamander tyrant (15)]
 52517 | Snake:4  | Reached skill level 12 in Earth Magic
 52882 | Snake:4  | You pick up a book of Sloth and begin reading...
 52882 | Snake:4  | You add the spells Petrify, Metabolic Englaciation and
                  | Statue Form to your library.
 53307 | Snake:4  | HP: 48/193 [black mamba[a naga ritualist] (5)]
 53312 | Snake:4  | HP: 37/193 [poisoned by a nagaraja (bolt of poison)]
 53316 | Snake:4  | HP: 17/193 [naga sharpshooter/arrow (17)]
 53318 | Snake:4  | HP: 7/193 [naga sharpshooter/arrow (9)]
 53318 | Snake:4  | HP: 3/193 [naga sharpshooter/arrow (4)]
 53324 | Snake:4  | Shot with an arrow by a naga sharpshooter

Vanquished Creatures
  Vashnia (Snake:2)
  Jorgrun (D:13)
  Gastronok (D:8)
  The ghost of Orchucw the Marksminotaur, an adept MiHu of Nemelex Xobeh (Snake:1)
  2 nagarajas (Snake:4)
  Aizul (Snake:2)
  2 orc warlords (Orc:2)
  Snorg (D:10)
  Josephine (Orc:1)
  A vault guard (Bailey)
  Harold (Lair:1)
  10 hydras
  A rakshasa (D:15)
  An ogre mage (Volcano)
  3 boulder beetles
  4 salamander tyrants
  6 centaur warriors
  3 catoblepae
  15 two-headed ogres
  16 naga warriors
  A deep troll shaman (Lair:6)
  12 anacondas
  4 orc high priests (Orc:2)
  A tengu warrior (D:14)
  Urug (D:13)
  16 death yaks
  11 naga sharpshooters
  A hell knight (Volcano)
  7 shock serpents
  Sonja (Lair:2)
  A fire crab (Lair:6)
  2 skeletal warriors
  5 salamander mystics
  7 naga ritualists
  2 bog bodies (IceCv)
  A flayed ghost (D:15)
  A lindwurm (Lair:6)
  2 shadow dragon zombies (D:15)
  A deep elf archer (D:14)
  A deep elf pyromancer (D:14)
  4 deep elf zephyrmancers
  2 wizards
  6 mana vipers
  A necromancer (D:15)
  A sphinx zombie (D:15)
  3 ugly things (D:15)
  5 orc knights
  6 orc sorcerers
  A stone giant zombie (D:15)
  12 salamanders
  2 manticores
  3 cyclopes
  2 guardian serpents
  7 elephants
  An ice statue (IceCv)
  4 torpor snails
  A gargoyle (D:14)
  25 black mambas
  11 naga magi
  19 cane toads
  Psyche (D:9)
  An efreet (D:14)
  Maggie (D:9)
  3 yaktaurs (D:14)
  4 centaur skeletons (D:14)
  3 rime drakes
  An unseen horror (D:12)
  A kobold demonologist (D:12)
  6 komodo dragons
  A freezing wraith (D:10)
  2 anaconda simulacra (IceCv)
  An entropy weaver simulacrum (IceCv)
  A guardian mummy (D:15)
  5 trolls
  3 meliai (D:14)
  4 polar bears
  Prince Ribbit (Bailey)
  12 blink frogs
  2 tyrant leeches
  A dream sheep (shapeshifter) (D:15)
  A culicivora (shapeshifter) (D:15)
  A centaur simulacrum (D:15)
  A dire elephant simulacrum (IceCv)
  6 wraiths
  59 yaks
  2 vampires
  3 shadows
  5 humans (Bailey)
  4 steam dragons
  4 vampire mosquitoes (D:12)
  4 basilisks
  A swamp worm (Lair:3)
  4 acid dragons
  39 nagas
  19 water moccasins
  5 wargs
  The ghost of xian the Conjurer, an amateur GrCj (D:6)
  A sky beast (D:7)
  49 orc warriors
  4 black bears
  14 ogres
  10 wolves
  7 centaurs
  A phantom (D:5)
  6 kobold brigands
  25 bullfrogs
  2 cane toad simulacra (IceCv)
  A necrophage (D:5)
  A two-headed ogre simulacrum (IceCv)
  5 scorpions
  9 wights
  An elephant simulacrum (IceCv)
  13 killer bees
  5 howler monkeys
  An electric eel (Lair:2)
  4 hounds
  A jelly (D:6)
  27 orc priests
  2 gnoll shamans
  2 iguanas
  Jessica (D:3)
  16 orc wizards
  6 hell rats (Lair:6)
  2 polar bear simulacra (IceCv)
  5 spriggan simulacra (IceCv)
  4 troll simulacra (IceCv)
  5 wolf simulacra (IceCv)
  11 gnolls
  10 adders
  4 naga simulacra (IceCv)
  A shadow imp (D:6)
  12 white imps
  10 ufetubi
  2 worms
  2 dart slugs
  93 orcs
  12 endoplasms
  A giant cockroach (D:3)
  16 goblins
  8 hobgoblins
  4 jackals (D:1)
  7 quokkas
  7 ball pythons
  6 bats
  7 frilled lizards
  33 kobolds
  8 rats
963 creatures vanquished.

Vanquished Creatures (collateral kills)
  An anaconda (Snake:4)
  A shock serpent (Snake:4)
  A mana viper (Snake:4)
  A black mamba (Snake:4)
  2 nagas (Snake:4)
6 creatures vanquished.

Vanquished Creatures (others)
  A cane toad (Lair:6)
  2 killer bees
  An orc wizard (Orc:2)
  A kobold (D:4)
  A bush (D:14)
  13 fungi
  36 plants
  3 withered plants (D:15)
58 creatures vanquished.

Grand Total: 1027 creatures vanquished

Table legend:
 A = Non-vault XP
 B = Vault XP
 C = Vault XP percentage of total XP
 D = Non-vault monster count
 E = Vault monster count
 F = Vault count percentage of total count
                 A         B        C        D         E       F
            +---------+---------+-------+---------+---------+-------
      Total |  144829 |  117686 |  44.8 |     586 |     398 |  40.4
            +---------+---------+-------+---------+---------+-------
        D:1 |      32 |       0 |   0.0 |      16 |       0 |   0.0
        D:2 |     115 |      10 |   8.0 |      30 |       6 |  16.7
        D:3 |      17 |      80 |  82.5 |      11 |      13 |  54.2
        D:4 |     541 |     107 |  16.5 |      24 |       8 |  25.0
        D:5 |    1043 |     121 |  10.4 |      23 |       1 |   4.2
        D:6 |     766 |     148 |  16.2 |      27 |       1 |   3.6
        D:7 |    1360 |      43 |   3.1 |      27 |       1 |   3.6
        D:8 |    1152 |    1954 |  62.9 |      18 |       6 |  25.0
        D:9 |    3068 |     789 |  20.5 |      22 |       2 |   8.3
       D:10 |    3120 |    3711 |  54.3 |      21 |       5 |  19.2
       D:11 |    4125 |       0 |   0.0 |      16 |       0 |   0.0
       D:12 |    4143 |    4815 |  53.8 |      15 |      18 |  54.5
       D:13 |    4535 |    2635 |  36.8 |       8 |       2 |  20.0
       D:14 |    9648 |    5685 |  37.1 |      16 |      13 |  44.8
       D:15 |    7093 |    4822 |  40.5 |      16 |       8 |  33.3
     Lair:1 |    8899 |     868 |   8.9 |      33 |       1 |   2.9
     Lair:2 |    9086 |    2197 |  19.5 |      30 |       8 |  21.1
     Lair:3 |    4393 |    1581 |  26.5 |      13 |       5 |  27.8
     Lair:4 |    6391 |    1757 |  21.6 |      21 |       5 |  19.2
     Lair:5 |    8910 |       0 |   0.0 |      35 |       0 |   0.0
     Lair:6 |   10271 |   10468 |  50.5 |      38 |      21 |  35.6
    Snake:1 |    7784 |    1363 |  14.9 |      17 |       1 |   5.6
    Snake:2 |   13439 |   20394 |  60.3 |      28 |      29 |  50.9
    Snake:3 |   16027 |    4365 |  21.4 |      29 |       6 |  17.1
    Snake:4 |   15803 |   12704 |  44.6 |      29 |      22 |  43.1
      Orc:1 |    3068 |    2694 |  46.8 |      23 |       6 |  20.7
      Orc:2 |       0 |   20484 | 100.0 |       0 |     135 | 100.0
     Bailey |       0 |    3530 | 100.0 |       0 |      19 | 100.0
      IceCv |       0 |    3764 | 100.0 |       0 |      48 | 100.0
    Volcano |       0 |    6597 | 100.0 |       0 |       8 | 100.0
            +---------+---------+-------+---------+---------+-------

Illustrated notes

Table legend:
 A = Kills in this place as a percentage of kills in entire the game.
 B = Kills by you in this place as a percentage of kills by you in the entire game.
 C = Kills by friends in this place as a percentage of kills by friends in the entire game.
 D = Other kills in this place as a percentage of other kills in the entire game.
 E = Experience gained in this place as a percentage of experience gained in the entire game.
 F = Experience gained in this place divided by the number of levels of this place that you have seen.
                   A       B       C       D       E      F
               +-------+-------+-------+-------+-------+----------------------
         Total | 100.0 | 100.0 | 100.0 | 100.0 | 100.0 | 8468.2
       Dungeon |  38.0 |  37.8 |   0.0 |  66.7 |  25.0 | 4378.5
          Lair |  21.3 |  21.6 |   0.0 |  13.3 |  24.7 | 10803.5
     Snake Pit |  16.4 |  16.0 | 100.0 |   6.7 |  35.0 | 22969.8
  Orcish Mines |  16.7 |  16.9 |   0.0 |   6.7 |  10.0 | 13123.0
        Bailey |   1.9 |   1.9 |   0.0 |   6.7 |   1.3 | 3530.0
      Ice Cave |   4.9 |   5.0 |   0.0 |   0.0 |   1.4 | 3764.0
       Volcano |   0.8 |   0.8 |   0.0 |   0.0 |   2.5 | 6597.0
               +-------+-------+-------+-------+-------+----------------------

Table legend: (Time is in decaauts)
 A = Elapsed time spent in this place.
 B = Non-inter-level travel time spent in this place.
 C = Inter-level travel time spent in this place.
 D = Time resting spent in this place.
 E = Time spent auto-exploring this place.
 F = Levels seen in this place.
 G = Mean time per level.
                   A        B        C        D        E       F      G
               +--------+--------+--------+--------+--------+-----+--------+
         Total |  53390 |  51287 |   2103 |  16978 |  26896 |  31 | 1722.3 |
       Dungeon |  20847 |  19597 |   1250 |   3841 |  12751 |  15 | 1389.8 |
          Lair |  10741 |  10405 |    336 |   2585 |   6421 |   6 | 1790.2 |
     Snake Pit |  12389 |  12261 |    128 |   6526 |   4466 |   4 | 3097.2 |
  Orcish Mines |   6626 |   6237 |    389 |   2515 |   2686 |   2 | 3313.0 |
         Abyss |     11 |     11 |      0 |      0 |      0 |   1 |   11.0 |
        Bailey |    861 |    861 |      0 |    577 |     94 |   1 |  861.0 |
      Ice Cave |   1233 |   1233 |      0 |    578 |    377 |   1 | 1233.0 |
       Volcano |    679 |    679 |      0 |    354 |     98 |   1 |  679.0 |
               +--------+--------+--------+--------+--------+-----+--------+

Top non-repeatable levels by time:
 Snake:2: 5041 daAuts
   Orc:2: 4543 daAuts
 Snake:3: 4083 daAuts
    D:12: 2266 daAuts
    D:14: 2250 daAuts
  Lair:6: 2170 daAuts
   Orc:1: 2083 daAuts
 Snake:4: 2081 daAuts
     D:4: 2054 daAuts
  Lair:1: 1977 daAuts
  Lair:2: 1970 daAuts
  Lair:5: 1933 daAuts
    D:10: 1810 daAuts
    D:13: 1668 daAuts
  Lair:4: 1543 daAuts
